 Dungeon Crawl Stone Soup version 0.29-a0-330-g52719c12eb (webtiles) character file.

Game seed: 18011576562914136841

1166 kae the Firebug (level 8, 0/52 HPs)
             Began as an Octopode Fire Elementalist on Apr 18, 2022.
             Slain by Prince Ribbit (11 damage)
             ... on level 6 of the Dungeon.
             The game lasted 00:04:19 (8557 turns).

kae the Firebug (Octopode Fire Elementalist)        Turns: 8557, Time: 00:04:20

Health: 0/52       AC:  1    Str:  8    XL:     8   Next: 40%
Magic:  9/13       EV: 14    Int: 19    God:
Gold:   322        SH:  0    Dex: 12    Spells: 5/14 levels left

rFire   . . .      SeeInvis +   h - +2 whip (elec)
rCold   . . .      Faith    .   (no shield)
rNeg    . . .      Spirit   .   (helmet restricted)
rPois   +          Reflect  .   (no amulet)
rElec   .          Harm     .   f - ring of poison resistance
rCorr   .          Rampage  .   m - ring of see invisible
Will    .....                   (no ring)
Stlth   ++++......              (no ring)
HPRegen 0.17/turn               (no ring)
MPRegen 0.13/turn               (no ring)
                                (no ring)
                                (no ring)

@: no status effects
A: almost no armour, amphibious, 8 rings, camouflage 1, gelatinous body 1,
(nimble swimmer 1), tentacles
a: no special abilities


You were on level 6 of the Dungeon.
You visited 1 branch of the dungeon, and saw 6 of its levels.

You collected 322 gold pieces.

Inventory:

Hand Weapons
 b - a +0 whip
 d - a +1 dagger of speed
 h - a +2 whip of electrocution (weapon)
Magical Staves
 p - a staff of air
Jewellery
 f - a ring of poison resistance (left tentacle)
 m - a ring of see invisible (right tentacle)
Wands
 o - a wand of polymorph (6)
Scrolls
 e - a scroll of blinking
 g - a scroll of vulnerability
 t - a scroll of holy word
 u - a scroll of teleportation
Potions
 a - 3 potions of magic
 c - 3 potions of flight
 i - 2 potions of lignification
 j - 3 potions of haste
 k - 2 potions of degeneration {unknown}
 l - a potion of resistance {unknown}
 n - a potion of curing {unknown}
 q - 2 potions of invisibility {unknown}
 r - a potion of cancellation {unknown}
 s - a potion of attraction {unknown}
 w - a potion of heal wounds
 x - a potion of brilliance {unknown}


   Skills:
 + Level 3.3 Fighting
 + Level 4.0 Dodging
 + Level 5.7 Stealth
 + Level 3.7 Spellcasting
 + Level 3.6 Conjurations
 * Level 6.1 Fire Magic


You had 5 spell levels left.
You knew the following spells:

 Your Spells              Type           Power      Damage    Failure   Level
a - Foxfire               Conj/Fire      88%        2x1d8     1%          1
b - Scorch                Fire           54%        2d8       1%          2
c - Conjure Flame         Conj/Fire      22%        6-21      5%          3
d - Inner Flame           Hex/Fire       15%        N/A       12%         3

Your spell library contained the following spells:

 Spells                   Type           Power      Damage    Failure   Level
 Shock                    Conj/Air       40%        1d5       7%          1
 Ignite Poison            Fire/Tmut/Pois 11%        N/A       19%         3
 Flame Wave               Conj/Fire      22%        2d7       19%         4
 Sticky Flame             Conj/Fire      22%        2d4       19%         4
 Swiftness                Air            3%         N/A       38%         3
 Airstrike                Air            1%         N/A       80%         4
 Animate Dead             Necr           1%         N/A       80%         4
 Summon Cactus Giant      Summ           1%         N/A       100%        6
 Haunt                    Necr/Summ      1%         N/A       100%        7
 Infestation              Necr           1%         N/A       100%        8


Dungeon Overview and Level Annotations

Branches:
Dungeon (6/15)
 Temple: D:4-7

Altars:
Makhleb
Qazlal
Vehumet
Xom

Shops:
D:1 (

Annotations:
D:2 1 runed translucent door, Crazy Yiuf
D:3 2 transporters
D:5 Ijyb
D:6 Prince Ribbit


Innate Abilities, Weirdness & Mutations

You cannot wear most types of armour.
You are amphibious.
You can wear up to eight rings at the same time.
Your skin changes colour to match your surroundings (Stealth+).
Your rubbery body absorbs attacks. (AC +1, EV +1)
((You are camouflaged when in or above water. (Stealth+)))
You have tentacles for arms and can constrict up to eight enemies at once.


Message History

You see here a +0 robe.
Found a ring mail.
Prince Ribbit comes into view.
Prince Ribbit is nearby!
Prince Ribbit is nearby!
Found a robe.
Casting: Scorch (safe; 1% risk of failure)
Confirm with . or Enter, or press ? or * to list all spells.
You conjure some foxfire!
Prince Ribbit gives a loud, deep croak!
The foxfire hits Prince Ribbit!
Prince Ribbit is lightly wounded.
The foxfire hits Prince Ribbit.
Prince Ribbit is moderately wounded.
Casting: Foxfire (safe; 1% risk of failure)
Confirm with . or Enter, or press ? or * to list all spells.
You conjure some foxfire!
The foxfire hits Prince Ribbit.
Prince Ribbit is moderately wounded.
The foxfire hits Prince Ribbit.
Prince Ribbit is heavily wounded.
Prince Ribbit croaks regally.
Casting: Foxfire (safe; 1% risk of failure)
Confirm with . or Enter, or press ? or * to list all spells.
You conjure some foxfire!
Prince Ribbit hits you!
The foxfire hits Prince Ribbit!
Prince Ribbit is severely wounded.
The foxfire hits Prince Ribbit.
Prince Ribbit is severely wounded.
Prince Ribbit completely misses you. Prince Ribbit hits you!
Casting: Foxfire (safe; 1% risk of failure)
Confirm with . or Enter, or press ? or * to list all spells.
Flames lash the wight but do no damage.
You hear a shout!
Prince Ribbit hits you!
* * * LOW HITPOINT WARNING * * *
The wight misses you.
You hear the rapid rusting of a drain very nearby.
Prince Ribbit hits you!
You die...

####..# #.....#
#.....#### #.........
#.......#.
#####........[
#.....F....# #..@.z.z#
### ##.###...# ...
##.# ... ... ##..# .
... ...####..#######
...## #....[........#
....#########.######..
# ......## ###.# ..
...<...## #...# ....#


You could see Prince Ribbit and 2 wights.

Vanquished Creatures
  Sigmund (D:2)
  A water moccasin (D:5)
  An ice beast (D:6)
  An ogre (D:6)
  6 scorpions
  2 jellies (D:4)
  2 iguanas
  Robin (D:4)
  4 gnolls (D:5)
  7 adders
  2 worms
  5 dart slugs
  6 orcs
  11 endoplasms
  5 giant cockroaches
  15 goblins
  13 hobgoblins
  12 jackals
  4 quokkas
  11 ball pythons
  8 bats
  5 frilled lizards
  9 kobolds
  2 rats
134 creatures vanquished.

Vanquished Creatures (others)
  370 foxfires
370 creatures vanquished.

Grand Total: 504 creatures vanquished

Notes
Turn   | Place    | Note
-------+----------+-------------------------------------------
     0 | D:1      | kae the Octopode Fire Elementalist began the quest for the
                  | Orb.
     0 | D:1      | Reached XP level 1. HP: 11/11 MP: 3/3
   107 | D:1      | Found Wafek's Antique Weapon Shop.
   248 | D:1      | Reached XP level 2. HP: 17/17 MP: 3/5
   382 | D:1      | Learned a level 2 spell: Scorch
   789 | D:1      | Reached XP level 3. HP: 22/22 MP: 4/6
   870 | D:1      | Found a faded altar of an unknown god.
  1633 | D:2      | Killed Sigmund
  1634 | D:2      | Reached skill level 1 in Fighting
  1634 | D:2      | Reached skill level 4 in Fire Magic
  1634 | D:2      | Reached XP level 4. HP: 18/29 MP: 1/8
  1634 | D:2      | Reached XP level 5. HP: 21/34 MP: 1/9
  2076 | D:2      | Found a runed translucent door.
  2077 | D:2      | Noticed Crazy Yiuf
  2446 | D:3      | Found a transporter.
  2474 | D:3      | Reached XP level 6. HP: 39/39 MP: 5/10
  2730 | D:3      | Learned a level 3 spell: Conjure Flame
  2734 | D:3      | Learned a level 3 spell: Inner Flame
  2742 | D:3      | Found a transporter.
  2819 | D:3      | Found a shimmering altar of Xom.
  2819 | D:3      | Found a stormy altar of Qazlal.
  3752 | D:4      | Found a radiant altar of Vehumet.
  3945 | D:4      | Noticed Robin
  3949 | D:4      | Killed Robin
  3958 | D:4      | HP: 1/39 [goblin/+0 club[Robin] (3)]
  4536 | D:4      | Found a burning altar of Makhleb.
  4547 | D:4      | Noticed a balrug
  4915 | D:3      | Reached skill level 5 in Fire Magic
  4915 | D:3      | Reached XP level 7. HP: 18/45 MP: 0/11
  6000 | D:5      | Entered Level 5 of the Dungeon
  6226 | D:5      | Noticed Ijyb
  6273 | D:5      | Reached skill level 5 in Stealth
  6722 | D:5      | Reached XP level 8. HP: 51/51 MP: 8/13
  7405 | D:4      | Found a burning altar of Makhleb.
  7591 | D:4      | Found a radiant altar of Vehumet.
  8316 | D:6      | Reached skill level 6 in Fire Magic
  8548 | D:6      | Noticed Prince Ribbit
  8557 | D:6      | Slain by Prince Ribbit

Illustrated notes

Levels and vault maps discovered:
D:1:      psy_arrival_conway, layout_loops_ring,
          hellmonk_ecumenical_altar_crossroads, serial_shops,
          nicolae_shop_behind_doors
D:2:      layout_rooms, minmay_tromino_v2, uniq_sigmund, uniq_crazy_yiuf_cottage
D:3:      gammafunk_wand_slinger, layout_rooms,
          gammafunk_temple_overflow_statue, minmay_close_crescents
D:4:      minmay_opposing_rooms, layout_loops_ring, overflow_temple_1_default,
          makhleb_altar_promises_db, uniq_robin
D:5:      layout_basic, uniq_ijyb
D:6:      layout_rooms, gup_sewer_entry_bowl, uniq_prince_ribbit1, uniq_edmund

Skill      XL: |  1  2  3  4  5  6  7  8 |
---------------+-------------------------+-----
Stealth        | 3 4 5 |  5.7
Fighting       | 1 2 3 |  3.3
Conjurations   | 2 3 |  3.6
Fire Magic     | 4 5 6 |  6.1
Dodging        | 3 4 |  4.0
Spellcasting   | 3 |  3.7

Action                   |  1- 3 |  4- 6 |  7- 9 || total
-------------------------+-------+-------+-------++-------
Melee: Dagger            |    19 |       |       ||    19
       Tentacles         |     8 |     5 |     4 ||    17
       Constrict         |     7 |     7 |     7 ||    21
       Whip              |    12 |    30 |    23 ||    65
 Cast: Foxfire           |    49 |   109 |    62 ||   220
       Scorch            |       |     6 |    28 ||    34
       Conjure Flame     |       |     2 |       ||     2
  Use: Scroll            |     1 |     6 |     4 ||    11
       Potion            |       |     1 |       ||     1
 Stab: Sleeping          |     6 |     1 |     1 ||     8
Armor: Skin              |     2 |     4 |     6 ||    12
Dodge: Dodged            |    28 |    57 |    36 ||   121

Table legend: (Time is in decaauts)
 A = Elapsed time spent in this place.
 B = Non-inter-level travel time spent in this place.
 C = Inter-level travel time spent in this place.
 D = Time resting spent in this place.
 E = Time spent auto-exploring this place.
 F = Levels seen in this place.
 G = Mean time per level.
                   A        B        C        D        E       F      G
               +--------+--------+--------+--------+--------+-----+--------+
         Total |   8559 |   8250 |    309 |    682 |   6582 |   6 | 1426.5 |
       Dungeon |   8559 |   8250 |    309 |    682 |   6582 |   6 | 1426.5 |
               +--------+--------+--------+--------+--------+-----+--------+

Top non-repeatable levels by time:
     D:4: 2515 daAuts
     D:3: 1764 daAuts
     D:5: 1626 daAuts
     D:1: 1257 daAuts
     D:2: 1068 daAuts
     D:6: 327 daAuts
